Workbook

Sheet Table B
A1: Line item | B1: Unit | C1: FY2018 | D1: FY2019 | E1: FY2020 | F1: FY2021 | G1: FY2022 | H1: FY2023 | I1: FY2024 | J1: FY2025 | K1: FY2026 | M1: Source Note
A2: As Reported, Income Statement | M2: Annual reports for respective fiscal year
A3: Revenue, total | B3: MUSD | C3: 13274.2 | D3: 14110.2 | E3: 14589.8 | F3: 15005.4 | G3: 16498.3 | H3: 18012.2 | I3: 19202.6 | J3: 20560.9 | K3: 21947.4 | M3: Financial statements
A4: Revenue, PEO Services (external clients) | B4: MUSD | C4: 3882.3 | D4: 4242.7 | E4: 4511.5 | F4: 4818.3 | G4: 5545.7 | H4: 5976.8 | I4: 6224.3 | J4: 6679.6 | K4: 7128.1 | M4: Analysis of Reportable Segments
A5: Revenue PEO zero-margin pass throughs | B5: MUSD | C5: 2463.1 | D5: 2712.5 | E5: 2907.7 | F5: 3092 | G5: 3514.4 | H5: 3800.9 | I5: 3975.9 | J5: 4289 | K5: 4607.3 | M5: Analysis of Reportable Segments
A6: Revenue, PEO excluding pass throughs | B6: MUSD | C6: =C4-C5 -> 1419.2 | D6: =D4-D5 -> 1530.2 | E6: =E4-E5 -> 1603.8 | F6: =F4-F5 -> 1726.3 | G6: =G4-G5 -> 2031.3 | H6: =H4-H5 -> 2175.9 | I6: =I4-I5 -> 2248.4 | J6: =J4-J5 -> 2390.6 | K6: =K4-K5 -> 2520.8
A7: Interest on funds held for clients, total | B7: MUSD | C7: 466.5 | D7: 561.9 | E7: 545.2 | F7: 422.4 | G7: 451.8 | H7: 813.4 | I7: 1024.7 | J7: 1189.1 | K7: 1354.8 | M7: Financial statements
A8: Cost of revenue, total | B8: MUSD | C8: 7810.9 | D8: 8021.6 | E8: 8445.1 | F8: 8640.3 | G8: 9461.9 | H8: 9953.4 | I8: 10476.7 | J8: 11097.3 | K8: 11760.2 | M8: Financial statements
A9: Gross profit | B9: MUSD | C9: =C3-C8 -> 5463.3 | D9: =D3-D8 -> 6088.6 | E9: =E3-E8 -> 6144.7 | F9: =F3-F8 -> 6365.1 | G9: =G3-G8 -> 7036.4 | H9: =H3-H8 -> 8058.8 | I9: =I3-I8 -> 8725.9 | J9: =J3-J8 -> 9463.6 | K9: =K3-K8 -> 10187.2 | M9: Financial statements
A10: Interest expense for short term financing | B10: MUSD | C10: 102.7 | D10: 129.9 | E10: 107.1 | F10: 59.7 | G10: 81.9 | H10: 253.3 | I10: 361.4 | J10: 455.9 | K10: 459.3 | M10: Financial statements
A11: Operating expenses, total | B11: MUSD | C11: 10873 | D11: 11215.7 | E11: 11555.2 | F11: 11740.5 | G11: 12777 | H11: 13758.1 | I11: 14617 | J11: 15604.9 | K11: 16627.7 | M11: Financial statements
A12: Operating profit | B12: MUSD | C12: =C3-C11 -> 2401.2 | D12: =D3-D11 -> 2894.5 | E12: =E3-E11 -> 3034.6 | F12: =F3-F11 -> 3264.9 | G12: =G3-G11 -> 3721.3 | H12: =H3-H11 -> 4254.1 | I12: =I3-I11 -> 4585.6 | J12: =J3-J11 -> 4956 | K12: =K3-K11 -> 5319.7 | M12: Financial statements
A13: EBT, Employer Services | B13: MUSD | C13: 2598.1 | D13: 2957 | E13: 3058.2 | F13: 3052.1 | G13: 3406.3 | H13: 3974.2 | I13: 4555.5 | J13: 5008.5 | K13: 5436.8 | M13: Analysis of Reportable Segments
A14: EBT, PEO Services | B14: MUSD | C14: 544.6 | D14: 620.1 | E14: 609.3 | F14: 718.8 | G14: 871.2 | H14: 977.3 | I14: 921.5 | J14: 950.5 | K14: 936.1 | M14: Analysis of Reportable Segments
A15: EBT, Other (overhead costs) | B15: MUSD | C15: 860.1 | D15: 571.5 | E15: 484.9 | F15: 409.7 | G15: 473.4 | H15: 513.9 | I15: 604.7 | J15: 648.9 | K15: 642.6 | M15: Analysis of Reportable Segments
A16: EBT, total | B16: MUSD | C16: =C13+C14-C15 -> 2282.6 | D16: =D13+D14-D15 -> 3005.6 | E16: =E13+E14-E15 -> 3182.6 | F16: =F13+F14-F15 -> 3361.2 | G16: =G13+G14-G15 -> 3804.1 | H16: =H13+H14-H15 -> 4437.6 | I16: =I13+I14-I15 -> 4872.3 | J16: =J13+J14-J15 -> 5310.1 | K16: =K13+K14-K15 -> 5730.3
A17: Provision for income taxes | B17: MUSD | C17: 397.7 | D17: 712.8 | E17: 716.1 | F17: 762.7 | G17: 855.2 | H17: 1025.6 | I17: 1120.3 | J17: 1230.4 | K17: 1316.8 | M17: Financial statements
A18: Effective tax rate, as reported | B18: % | C18: =C17/C16 -> 0.17423114 | D18: =D17/D16 -> 0.23715731 | E18: =E17/E16 -> 0.22500471 | F18: =F17/F16 -> 0.22691301 | G18: =G17/G16 -> 0.22481007 | H18: =H17/H16 -> 0.23111592 | I18: =I17/I16 -> 0.22993248 | J18: =J17/J16 -> 0.23170938 | K18: =K17/K16 -> 0.229796 | M18: Financial statements
A19: Net earnings | B19: MUSD | C19: 1884.9 | D19: 2292.8 | E19: 2466.5 | F19: 2598.5 | G19: 2948.9 | H19: =H16-H17 -> 3412 | I19: =I16-I17 -> 3752 | J19: =J16-J17 -> 4079.7 | K19: =K16-K17 -> 4413.5 | M19: Financial statements
A20: Shares outstanding, diluted | B20: Million | C20: 443.3 | D20: 437.6 | E20: 432.7 | F20: 428.1 | G20: 421.1 | H20: 415.7 | I20: 412.2 | J20: 408.7 | K20: 403.3 | M20: Financial statements
A22: As Reported, Balance Sheet
A23: Cash and equivalents (corporate) | B23: MUSD | C23: 2170 | D23: 1949.2 | E23: 1908.5 | F23: 2575.2 | G23: 1436.3 | H23: 2083.5 | I23: 2913.4 | J23: 3347.8 | K23: 4230.1 | M23: Note: Corporate Investments and Funds Held for Clients
A24: Short term marketable securities (corporate) | B24: MUSD | C24: 3.3 | D24: 10.5 | E24: 0 | F24: 10.4 | G24: 14.7 | H24: 47 | I24: 384 | J24: 4498.8 | K24: 0 | M24: Financial statements
A25: Goodwill | B25: MUSD | C25: 2243.5 | D25: 2323 | E25: 2309.4 | F25: 2338.4 | G25: 2300.5 | H25: 2339.4 | I25: 2353.6 | J25: 3273.5 | K25: 3284.4 | M25: Financial statements
A26: Obligations under reverse repurchase agreements | B26: MUSD | C26: 43.9 | D26: 54.8 | E26: 13.6 | F26: 23.5 | G26: 136.4 | H26: 105.4 | I26: 385.4 | J26: 38.4 | K26: 139.3 | M26: Financial statements
A27: Obligations under commercial paper borrowings | B27: MUSD | C27: 0 | D27: 0 | E27: 1001.8 | F27: 0 | G27: 0 | H27: 0 | I27: 0 | J27: 4769.5 | K27: 0 | M27: Financial statements
A28: Long term debt | B28: MUSD | C28: 2002.4 | D28: 2002.2 | E28: 1002.8 | F28: 2985 | G28: 2987.1 | H28: 2989 | I28: 2991.3 | J28: 3974.7 | K28: 4964.1 | M28: Financial statements
A29: Operating lease liability, recognised | B29: MUSD | C29: 539.5 | D29: 596.4 | E29: 344.4 | F29: 343.2 | G29: 370.9 | H29: 349.9 | I29: 328.6 | J29: 321.2 | K29: 306.7 | M29: Financial statements
A30: Total equity | B30: MUSD | C30: 4735.9 | D30: 5399.9 | E30: 5752.2 | F30: 5670.1 | G30: 3225.3 | H30: 3225.3 | I30: 4547.6 | J30: 6188 | K30: 6031.2 | M30: Financial statements
A32: As Resported, Cash Flow Statement
A33: Operating cash flow | B33: MUSD | C33: 2515.2 | D33: 2688.3 | E33: 3026.2 | F33: 3093.3 | G33: 3099.5 | H33: 4207.6 | I33: 4157.6 | J33: 4939.7 | K33: 5441.2 | M33: Financial statements
A34: Capital expenditures | B34: MUSD | C34: 206.1 | D34: 162 | E34: 172.7 | F34: 178.6 | G34: 174.4 | H34: 206.3 | I34: 208.4 | J34: 168.7 | K34: 196.6 | M34: Financial statements
A35: Additions to intangibles | B35: MUSD | C35: 264.7 | D35: 404.5 | E35: 443.7 | F35: 327.3 | G35: 379 | H35: 365.3 | I35: 355 | J35: 378.3 | K35: 468.5 | M35: Financial statements
A36: Acquisitions, net of cash acquired | B36: MUSD | C36: 612.4 | D36: 125.5 | E36: 0 | F36: 0 | G36: 11.7 | H36: 32.4 | I36: 33.6 | J36: 1165.1 | K36: 22.8 | M36: Financial statements
A37: Repurchases of common stock | B37: MUSD | C37: 989.3 | D37: 937.7 | E37: 1006.3 | F37: 1372.3 | G37: 1969.4 | H37: 1121.4 | I37: 1231.7 | J37: 1280.5 | K37: 0 | M37: Financial statements
A38: Dividends paid | B38: MUSD | C38: 1063.7 | D38: 1293 | E38: 1470.5 | F38: 1575.5 | G38: 1659 | H38: 1903.6 | I38: 2183.1 | J38: 2398.9 | K38: 2626.3 | M38: Financial statements
A39: Proceeds from issuance of debt | B39: MUSD | C39: 0 | D39: 0 | E39: 0 | F39: 1981.5 | G39: 0 | H39: 0 | I39: 0 | J39: 1980.3 | K39: 985.7 | M39: Financial statements
A40: Payments of debt | B40: MUSD | C40: 73 | D40: 21 | E40: 22 | F40: 1001.8 | G40: 9 | H40: 1 | I40: 0.9 | J40: 1001.2 | K40: 1.1 | M40: Financial statements
A42: Dervided Measures From Reported Inputs
A43: Free cash flow, OFC less capex | B43: MUSD | C43: =C33-C34 -> 2309.1 | D43: =D33-D34 -> 2526.3 | E43: =E33-E34 -> 2853.5 | F43: =F33-F34 -> 2914.7 | G43: =G33-G34 -> 2925.1 | H43: =H33-H34 -> 4001.3 | I43: =I33-I34 -> 3949.2 | J43: =J33-J34 -> 4771 | K43: =K33-K34 -> 5244.6
A44: Free cash flow after intangible additions | B44: MUSD | C44: =C43-C35 -> 2044.4 | D44: =D43-D35 -> 2121.8 | E44: =E43-E35 -> 2409.8 | F44: =F43-F35 -> 2587.4 | G44: =G43-G35 -> 2546.1 | H44: =H43-H35 -> 3636 | I44: =I43-I35 -> 3594.2 | J44: =J43-J35 -> 4392.7 | K44: =K43-K35 -> 4776.1
A45: Free cash flow per diluted share | B45: USD | C45: =C44/C20 -> 4.6117753 | D45: =D44/D20 -> 4.8487203 | E45: =E44/E20 -> 5.5692165 | F45: =F44/F20 -> 6.043915 | G45: =G44/G20 -> 6.0463073 | H45: =H44/H20 -> 8.7466923 | I45: =I44/I20 -> 8.7195536 | J45: =J44/J20 -> 10.747981 | K45: =K44/K20 -> 11.842549
A46: Total debt | B46: MUSD | C46: =C28+C29+C26+C27 -> 2585.8 | D46: =D28+D29+D26+D27 -> 2653.4 | E46: =E28+E29+E26+E27 -> 2362.6 | F46: =F28+F29+F26+F27 -> 3351.7 | G46: =G28+G29+G26+G27 -> 3494.4 | H46: =H28+H29+H26+H27 -> 3444.3 | I46: =I28+I29+I26+I27 -> 3705.3 | J46: =J28+J29+J26+J27 -> 9103.8 | K46: =K28+K29+K26+K27 -> 5410.1
A47: Invested capital, excluding client funds | B47: MUSD | C47: =C46+C30-C23-C24 -> 5148.4 | D47: =D46+D30-D23-D24 -> 6093.6 | E47: =E46+E30-E23-E24 -> 6206.3 | F47: =F46+F30-F23-F24 -> 6436.2 | G47: =G46+G30-G23-G24 -> 5268.7 | H47: =H46+H30-H23-H24 -> 4539.1 | I47: =I46+I30-I23-I24 -> 4955.5 | J47: =J46+J30-J23-J24 -> 7445.2 | K47: =K46+K30-K23-K24 -> 7211.2
A48: Invested capital, excluding client funds and goodwill | B48: MUSD | C48: =C47-C25 -> 2904.9 | D48: =D47-D25 -> 3770.6 | E48: =E47-E25 -> 3896.9 | F48: =F47-F25 -> 4097.8 | G48: =G47-G25 -> 2968.2 | H48: =H47-H25 -> 2199.7 | I48: =I47-I25 -> 2601.9 | J48: =J47-J25 -> 4171.7 | K48: =K47-K25 -> 3926.8
A49: Average invested capital, excluding client funds and goodwill | B49: MUSD | D49: =AVERAGE(C47:D47) -> 5621 | E49: =AVERAGE(D47:E47) -> 6149.95 | F49: =AVERAGE(E47:F47) -> 6321.25 | G49: =AVERAGE(F47:G47) -> 5852.45 | H49: =AVERAGE(G47:H47) -> 4903.9 | I49: =AVERAGE(H47:I47) -> 4747.3 | J49: =AVERAGE(I47:J47) -> 6200.35 | K49: =AVERAGE(J47:K47) -> 7328.2
A50: Average invested capital, excluding client funds and goodwill | B50: MUSD | D50: =AVERAGE(C48:D48) -> 3337.75 | E50: =AVERAGE(D48:E48) -> 3833.75 | F50: =AVERAGE(E48:F48) -> 3997.35 | G50: =AVERAGE(F48:G48) -> 3533 | H50: =AVERAGE(G48:H48) -> 2583.95 | I50: =AVERAGE(H48:I48) -> 2400.8 | J50: =AVERAGE(I48:J48) -> 3386.8 | K50: =AVERAGE(J48:K48) -> 4049.25
A51: NOPAT | B51: MUSD | C51: =C12*(1-C18) -> 1982.8362 | D51: =D12*(1-D18) -> 2208.0482 | E51: =E12*(1-E18) -> 2351.8007 | F51: =F12*(1-F18) -> 2524.0517 | G51: =G12*(1-G18) -> 2884.7143 | H51: =H12*(1-H18) -> 3270.9098 | I51: =I12*(1-I18) -> 3531.2216 | J51: =J12*(1-J18) -> 3807.6483 | K51: =K12*(1-K18) -> 4097.2542
A53: Derived Metrics
A54: Gross margin | B54: % | C54: =IFERROR(C9/C3,"") -> 0.41157283 | D54: =IFERROR(D9/D3,"") -> 0.43150345 | E54: =IFERROR(E9/E3,"") -> 0.4211641 | F54: =IFERROR(F9/F3,"") -> 0.42418729 | G54: =IFERROR(G9/G3,"") -> 0.42649243 | H54: =IFERROR(H9/H3,"") -> 0.44740787 | I54: =IFERROR(I9/I3,"") -> 0.45441242 | J54: =IFERROR(J9/J3,"") -> 0.46027168 | K54: =K9/K3 -> 0.46416432
A55: EBIT-margin group | B55: % | C55: =IFERROR(C12/C3,"") -> 0.18089226 | D55: =IFERROR(D12/D3,"") -> 0.20513529 | E55: =IFERROR(E12/E3,"") -> 0.20799463 | F55: =IFERROR(F12/F3,"") -> 0.21758167 | G55: =IFERROR(G12/G3,"") -> 0.22555657 | H55: =IFERROR(H12/H3,"") -> 0.23617881 | I55: =IFERROR(I12/I3,"") -> 0.238801 | J55: =IFERROR(J12/J3,"") -> 0.24104003 | K55: =K12/K3 -> 0.24238406
A56: Interest income as a share of revenue | B56: % | C56: =IFERROR(C7/C3,"") -> 0.035143361 | D56: =IFERROR(D7/D3,"") -> 0.039822256 | E56: =IFERROR(E7/E3,"") -> 0.037368573 | F56: =IFERROR(F7/F3,"") -> 0.028149866 | G56: =IFERROR(G7/G3,"") -> 0.02738464 | H56: =IFERROR(H7/H3,"") -> 0.045158282 | I56: =IFERROR(I7/I3,"") -> 0.053362565 | J56: =IFERROR(J7/J3,"") -> 0.057833072 | K56: =K7/K3 -> 0.061729408
A57: Interest income as a share of EBIT | B57: % | C57: =IFERROR(C7/C12,"") -> 0.19427786 | D57: =IFERROR(D7/D12,"") -> 0.19412679 | E57: =IFERROR(E7/E12,"") -> 0.17966124 | F57: =IFERROR(F7/F12,"") -> 0.12937609 | G57: =IFERROR(G7/G12,"") -> 0.12140918 | H57: =IFERROR(H7/H12,"") -> 0.19120378 | I57: =IFERROR(I7/I12,"") -> 0.2234604 | J57: =IFERROR(J7/J12,"") -> 0.2399314 | K57: =K7/K12 -> 0.25467602
A58: Cash conversion, FCF over revenue, excluding float income and expense | B58: % | C58: =(C44-C7+C10)/(C3-C7) -> 0.13121794 | D58: =(D44-D7+D10)/(D3-D7) -> 0.12472414 | E58: =(E44-E7+E10)/(E3-E7) -> 0.14038848 | F58: =(F44-F7+F10)/(F3-F7) -> 0.15255434 | G58: =(G44-G7+G10)/(G3-G7) -> 0.13561836 | H58: =(H44-H7+H10)/(H3-H7) -> 0.17884387 | I58: =(I44-I7+I10)/(I3-I7) -> 0.16123425 | J58: =(J44-J7+J10)/(J3-J7) -> 0.18890862 | K58: =(K44-K7+K10)/(K3-K7) -> 0.18844634
A59: Cash conversion, FCF interest earnings over interest income | B59: % | C59: =(C7-C10)/C7 -> 0.77984995 | D59: =(D7-D10)/D7 -> 0.76882007 | E59: =(E7-E10)/E7 -> 0.80355833 | F59: =(F7-F10)/F7 -> 0.85866477 | G59: =(G7-G10)/G7 -> 0.8187251 | H59: =(H7-H10)/H7 -> 0.6885911 | I59: =(I7-I10)/I7 -> 0.64731141 | J59: =(J7-J10)/J7 -> 0.61660079 | K59: =(K7-K10)/K7 -> 0.66098317
A60: Cash conversion, FCF over revenue | B60: % | C60: =C44/C3 -> 0.15401305 | D60: =D44/D3 -> 0.15037349 | E60: =E44/E3 -> 0.16517019 | F60: =F44/F3 -> 0.17243126 | G60: =G44/G3 -> 0.15432499 | H60: =H44/H3 -> 0.20186318 | I60: =I44/I3 -> 0.18717257 | J60: =J44/J3 -> 0.21364337 | K60: =K44/K3 -> 0.21761575
A61: Return on invested capital, excluding client funds | B61: % | D61: =IFERROR(D51/D49,"") -> 0.39282124 | E61: =IFERROR(E51/E49,"") -> 0.38240973 | F61: =IFERROR(F51/F49,"") -> 0.3992963 | G61: =IFERROR(G51/G49,"") -> 0.49290712 | H61: =IFERROR(H51/H49,"") -> 0.66700173 | I61: =IFERROR(I51/I49,"") -> 0.7438379 | J61: =IFERROR(J51/J49,"") -> 0.61410215 | K61: =K51/K49 -> 0.55910786
A62: Return on invested capital, excluding client funds and goodwill | B62: % | D62: =IFERROR(D51/D50,"") -> 0.66153792 | E62: =IFERROR(E51/E50,"") -> 0.61344655 | F62: =IFERROR(F51/F50,"") -> 0.63143125 | G62: =IFERROR(G51/G50,"") -> 0.8165056 | H62: =IFERROR(H51/H50,"") -> 1.2658564 | I62: =IFERROR(I51/I50,"") -> 1.4708521 | J62: =IFERROR(J51/J50,"") -> 1.1242613 | K62: =K51/K50 -> 1.0118551
A63: Return on incremental capital, 3 year window | B63: % | F63: =IFERROR((F51-C51)/(F47-C47),"") -> 0.42026366 | G63: =IFERROR((G51-D51)/(G47-D47),"") -> -0.82030076 | H63: =IFERROR((H51-E51)/(H47-E47),"") -> -0.55128903 | I63: =IFERROR((I51-F51)/(I47-F47),"") -> -0.6801985 | J63: =IFERROR((J51-G51)/(J47-G47),"") -> 0.42404504 | K63: =(K51-H51)/(K47-H47) -> 0.30924908
A64: Return on incremental capital, 5 year window | B64: % | H64: =IFERROR((H51-C51)/(H47-C47),"") -> -2.114022 | I64: =IFERROR((I51-D51)/(I47-D47),"") -> -1.1626162 | J64: =IFERROR((J51-E51)/(J47-E47),"") -> 1.1751131 | K64: =(K51-F51)/(K47-F47) -> 2.0299387
A65: Net debt, excluding client funds | B65: MUSD | C65: =SUM(C26:C29)-SUM(C23:C24) -> 412.5 | D65: =SUM(D26:D29)-SUM(D23:D24) -> 693.7 | E65: =SUM(E26:E29)-SUM(E23:E24) -> 454.1 | F65: =SUM(F26:F29)-SUM(F23:F24) -> 766.1 | G65: =SUM(G26:G29)-SUM(G23:G24) -> 2043.4 | H65: =SUM(H26:H29)-SUM(H23:H24) -> 1313.8 | I65: =SUM(I26:I29)-SUM(I23:I24) -> 407.9 | J65: =SUM(J26:J29)-SUM(J23:J24) -> 1257.2 | K65: =SUM(K26:K29)-SUM(K23:K24) -> 1180
A67: Conditional Drivers
A68: Average balance of client funds | B68: MUSD | C68: 24332.6 | D68: 25458.5 | E68: 25990.3 | F68: 27353.1 | G68: 32480.3 | H68: 34142.8 | I68: 35369.5 | J68: 37631.2 | K68: 40410.7 | M68: FINANCIAL CONDITION, LIQUIDITY AND CAPITAL RESOURCES
A69: Average yield on client funds | B69: % | C69: 0.019 | D69: 0.022 | E69: 0.021 | F69: 0.015 | G69: 0.014 | H69: 0.024 | I69: 0.03 | J69: 0.032 | K69: 0.034 | M69: FINANCIAL CONDITION, LIQUIDITY AND CAPITAL RESOURCES
A70: Pays per control, growth | B70: % | C70: 0.027 | D70: 0.027 | E70: -0.01 | F70: -0.03 | G70: 0.07 | H70: 0.047 | I70: 0.02 | J70: 0.01 | K70: 0.01 | M70: Executive Overview
A71: Client retention, Employer Services | B71: % | C71: 0.904 | D71: 0.908 | E71: 0.905 | F71: 0.922 | G71: 0.921 | H71: 0.922 | I71: 0.92 | J71: 0.921 | K71: 0.921 | M71: Executive Overview
A72: Worksite employees, PEO | B72: Average | C72: 504000 | D72: 547000 | E72: 571000 | F72: 616000 | G72: 704000 | H72: 722000 | I72: 742000 | J72: 761000 | K72: 770000 | M72: Executive Overview
A73: New bookings growth, Employer Services | B73: % | C73: 0.08 | D73: 0.08 | E73: -0.21 | F73: 0.23 | G73: 0.15 | H73: 0.1 | I73: 0.07 | J73: 0.03 | K73: 0.06 | M73: Executive Overview
A74: PEO revenue per worksite employee, excluding pass through, USD | B74: USD per average worksite employee | C74: =IFERROR(C6*1000000/C72,"") -> 2815.873 | D74: =IFERROR(D6*1000000/D72,"") -> 2797.4406 | E74: =IFERROR(E6*1000000/E72,"") -> 2808.7566 | F74: =IFERROR(F6*1000000/F72,"") -> 2802.4351 | G74: =IFERROR(G6*1000000/G72,"") -> 2885.3693 | H74: =IFERROR(H6*1000000/H72,"") -> 3013.7119 | I74: =IFERROR(I6*1000000/I72,"") -> 3030.1887 | J74: =IFERROR(J6*1000000/J72,"") -> 3141.3929 | K74: =K6*1000000/K72 -> 3273.7662
A76: CAGR
A77: Revenue, excluding zero-margin pass through transactions | B77: =((K3-K5)/(C3-C5))^(1/9)-1 -> 0.053896514
A78: Net earnings | B78: =(K19/C19)^(1/9)-1 -> 0.099144977
A79: Free cash flow after additions to intangibles | B79: =(K44/C44)^(1/9)-1 -> 0.098867382
A80: Average balance of client funds | B80: =(K68/C68)^(1/9)-1 -> 0.057982906
A81: Diluted shares outstanding | B81: =(K20/C20)^(1/9)-1 -> -0.010452329

Sheet Table C
A1: FY2023: CEO Black, CFO McGuire
A2: Metric | B2: Initial low | C2: Initial high | D2: Q1 low | E2: Q1 high | F2: Q1 move | G2: Q2 low | H2: Q2 high | I2: Q2 move | J2: Q3 low | K2: Q3 high | L2: Q3 move | M2: Full year actual | N2: Actual vs. initial | O2: Raised | P2: Floor up | Q2: Narrowed | R2: Unchanged | S2: Trimmed top | T2: Cut | U2: Mixed | V2: Beat | W2: Missed | X2: In range
A3: Revenue growth, % | B3: 7 | C3: 9 | D3: 8 | E3: 9 | F3: =IF(AND(E3>C3,D3>B3),"Raised",IF(AND(E3=C3,D3>B3),"Floor up",IF(AND(E3<C3,D3>B3),"Narrowed",IF(AND(E3=C3,D3=B3),"Unchanged",IF(AND(E3<C3,D3=B3),"Trimmed top",IF(AND(E3<C3,D3<B3),"Cut","Mixed")))))) -> Floor up | G3: 8 | H3: 9 | I3: =IF(AND(H3>E3,G3>D3),"Raised",IF(AND(H3=E3,G3>D3),"Floor up",IF(AND(H3<E3,G3>D3),"Narrowed",IF(AND(H3=E3,G3=D3),"Unchanged",IF(AND(H3<E3,G3=D3),"Trimmed top",IF(AND(H3<E3,G3<D3),"Cut","Mixed")))))) -> Unchanged | J3: 8 | K3: 9 | L3: =IF(AND(K3>H3,J3>G3),"Raised",IF(AND(K3=H3,J3>G3),"Floor up",IF(AND(K3<H3,J3>G3),"Narrowed",IF(AND(K3=H3,J3=G3),"Unchanged",IF(AND(K3<H3,J3=G3),"Trimmed top",IF(AND(K3<H3,J3<G3),"Cut","Mixed")))))) -> Unchanged | M3: 9 | N3: =IF(M3>C3,"Beat",IF(M3<B3,"Missed",IF(AND(B3<=M3,M3<=C3),"In range"))) -> In range | O3: =SUM(IF(F3="Raised",1,0)+IF(I3="Raised",1,0)+IF(L3="Raised",1,0)) -> 0 | P3: =SUM(IF(F3="Floor up",1,0)+IF(I3="Floor up",1,0)+IF(L3="Floor up",1,0)) -> 1 | Q3: =SUM(IF(F3="Narrowed",1,0)+IF(I3="Narrowed",1,0)+IF(L3="Narrowed",1,0)) -> 0 | R3: =SUM(IF(F3="Unchanged",1,0)+IF(I3="Unchanged",1,0)+IF(L3="Unchanged",1,0)) -> 2 | S3: =SUM(IF(F3="Trimmed top",1,0)+IF(I3="Trimmed top",1,0)+IF(L3="Trimmed top",1,0)) -> 0 | T3: =SUM(IF(F3="Cut",1,0)+IF(I3="Cut",1,0)+IF(L3="Cut",1,0)) -> 0 | U3: =SUM(IF(F3="Mixed",1,0)+IF(I3="Mixed",1,0)+IF(L3="Mixed",1,0)) -> 0 | V3: =IF(N3="Beat",1,0) -> 0 | W3: =IF(N3="Missed",1,0) -> 0 | X3: =IF(N3="In range",1,0) -> 1
A4: Adjusted EBIT margin expansion, BPS | B4: 100 | C4: 125 | D4: 125 | E4: 150 | F4: =IF(AND(E4>C4,D4>B4),"Raised",IF(AND(E4=C4,D4>B4),"Floor up",IF(AND(E4<C4,D4>B4),"Narrowed",IF(AND(E4=C4,D4=B4),"Unchanged",IF(AND(E4<C4,D4=B4),"Trimmed top",IF(AND(E4<C4,D4<B4),"Cut","Mixed")))))) -> Raised | G4: 125 | H4: 150 | I4: =IF(AND(H4>E4,G4>D4),"Raised",IF(AND(H4=E4,G4>D4),"Floor up",IF(AND(H4<E4,G4>D4),"Narrowed",IF(AND(H4=E4,G4=D4),"Unchanged",IF(AND(H4<E4,G4=D4),"Trimmed top",IF(AND(H4<E4,G4<D4),"Cut","Mixed")))))) -> Unchanged | J4: 125 | K4: 150 | L4: =IF(AND(K4>H4,J4>G4),"Raised",IF(AND(K4=H4,J4>G4),"Floor up",IF(AND(K4<H4,J4>G4),"Narrowed",IF(AND(K4=H4,J4=G4),"Unchanged",IF(AND(K4<H4,J4=G4),"Trimmed top",IF(AND(K4<H4,J4<G4),"Cut","Mixed")))))) -> Unchanged | M4: 130 | N4: =IF(M4>C4,"Beat",IF(M4<B4,"Missed",IF(AND(B4<=M4,M4<=C4),"In range"))) -> Beat | O4: =SUM(IF(F4="Raised",1,0)+IF(I4="Raised",1,0)+IF(L4="Raised",1,0)) -> 1 | P4: =SUM(IF(F4="Floor up",1,0)+IF(I4="Floor up",1,0)+IF(L4="Floor up",1,0)) -> 0 | Q4: =SUM(IF(F4="Narrowed",1,0)+IF(I4="Narrowed",1,0)+IF(L4="Narrowed",1,0)) -> 0 | R4: =SUM(IF(F4="Unchanged",1,0)+IF(I4="Unchanged",1,0)+IF(L4="Unchanged",1,0)) -> 2 | S4: =SUM(IF(F4="Trimmed top",1,0)+IF(I4="Trimmed top",1,0)+IF(L4="Trimmed top",1,0)) -> 0 | T4: =SUM(IF(F4="Cut",1,0)+IF(I4="Cut",1,0)+IF(L4="Cut",1,0)) -> 0 | U4: =SUM(IF(F4="Mixed",1,0)+IF(I4="Mixed",1,0)+IF(L4="Mixed",1,0)) -> 0 | V4: =IF(N4="Beat",1,0) -> 1 | W4: =IF(N4="Missed",1,0) -> 0 | X4: =IF(N4="In range",1,0) -> 0
A5: Adjusted diluted EPS growth, % | B5: 13 | C5: 16 | D5: 15 | E5: 17 | F5: =IF(AND(E5>C5,D5>B5),"Raised",IF(AND(E5=C5,D5>B5),"Floor up",IF(AND(E5<C5,D5>B5),"Narrowed",IF(AND(E5=C5,D5=B5),"Unchanged",IF(AND(E5<C5,D5=B5),"Trimmed top",IF(AND(E5<C5,D5<B5),"Cut","Mixed")))))) -> Raised | G5: 15 | H5: 17 | I5: =IF(AND(H5>E5,G5>D5),"Raised",IF(AND(H5=E5,G5>D5),"Floor up",IF(AND(H5<E5,G5>D5),"Narrowed",IF(AND(H5=E5,G5=D5),"Unchanged",IF(AND(H5<E5,G5=D5),"Trimmed top",IF(AND(H5<E5,G5<D5),"Cut","Mixed")))))) -> Unchanged | J5: 16 | K5: 17 | L5: =IF(AND(K5>H5,J5>G5),"Raised",IF(AND(K5=H5,J5>G5),"Floor up",IF(AND(K5<H5,J5>G5),"Narrowed",IF(AND(K5=H5,J5=G5),"Unchanged",IF(AND(K5<H5,J5=G5),"Trimmed top",IF(AND(K5<H5,J5<G5),"Cut","Mixed")))))) -> Floor up | M5: 17 | N5: =IF(M5>C5,"Beat",IF(M5<B5,"Missed",IF(AND(B5<=M5,M5<=C5),"In range"))) -> Beat | O5: =SUM(IF(F5="Raised",1,0)+IF(I5="Raised",1,0)+IF(L5="Raised",1,0)) -> 1 | P5: =SUM(IF(F5="Floor up",1,0)+IF(I5="Floor up",1,0)+IF(L5="Floor up",1,0)) -> 1 | Q5: =SUM(IF(F5="Narrowed",1,0)+IF(I5="Narrowed",1,0)+IF(L5="Narrowed",1,0)) -> 0 | R5: =SUM(IF(F5="Unchanged",1,0)+IF(I5="Unchanged",1,0)+IF(L5="Unchanged",1,0)) -> 1 | S5: =SUM(IF(F5="Trimmed top",1,0)+IF(I5="Trimmed top",1,0)+IF(L5="Trimmed top",1,0)) -> 0 | T5: =SUM(IF(F5="Cut",1,0)+IF(I5="Cut",1,0)+IF(L5="Cut",1,0)) -> 0 | U5: =SUM(IF(F5="Mixed",1,0)+IF(I5="Mixed",1,0)+IF(L5="Mixed",1,0)) -> 0 | V5: =IF(N5="Beat",1,0) -> 1 | W5: =IF(N5="Missed",1,0) -> 0 | X5: =IF(N5="In range",1,0) -> 0
A6: Page | B6: p. 3 | D6: p. 3 | G6: p. 3 | J6: p. 3 | M6: p. 1
A7: Source | B7: https://s205.q4cdn.com/887941133/files/doc_financials/2022/q4/ADP-4Q22-Earnings-Release.pdf | D7: https://s205.q4cdn.com/887941133/files/doc_financials/2023/q1/ADP-1Q23-Earnings-Release.pdf | G7: https://s205.q4cdn.com/887941133/files/doc_financials/2023/q2/ADP-2Q23-Earnings-Release.pdf | J7: https://s205.q4cdn.com/887941133/files/doc_financials/2023/q3/ADP-3Q23-Earnings-Release.pdf | M7: https://s205.q4cdn.com/887941133/files/doc_financials/2023/q4/ADP-4Q23-Earnings-Release.pdf
A9: FY2024: CEO Black, CFO McGuire
A10: Metric | B10: Initial low | C10: Initial high | D10: Q1 low | E10: Q1 high | F10: Q1 move | G10: Q2 low | H10: Q2 high | I10: Q2 move | J10: Q3 low | K10: Q3 high | L10: Q3 move | M10: Full year actual | N10: Actual vs. initial | O10: Raised | P10: Floor up | Q10: Narrowed | R10: Unchanged | S10: Trimmed top | T10: Cut | U10: Mixed | V10: Beat | W10: Missed | X10: In range
A11: Revenue growth, % | B11: 6 | C11: 7 | D11: 6 | E11: 7 | F11: =IF(AND(E11>C11,D11>B11),"Raised",IF(AND(E11=C11,D11>B11),"Floor up",IF(AND(E11<C11,D11>B11),"Narrowed",IF(AND(E11=C11,D11=B11),"Unchanged",IF(AND(E11<C11,D11=B11),"Trimmed top",IF(AND(E11<C11,D11<B11),"Cut","Mixed")))))) -> Unchanged | G11: 6 | H11: 7 | I11: =IF(AND(H11>E11,G11>D11),"Raised",IF(AND(H11=E11,G11>D11),"Floor up",IF(AND(H11<E11,G11>D11),"Narrowed",IF(AND(H11=E11,G11=D11),"Unchanged",IF(AND(H11<E11,G11=D11),"Trimmed top",IF(AND(H11<E11,G11<D11),"Cut","Mixed")))))) -> Unchanged | J11: 6 | K11: 7 | L11: =IF(AND(K11>H11,J11>G11),"Raised",IF(AND(K11=H11,J11>G11),"Floor up",IF(AND(K11<H11,J11>G11),"Narrowed",IF(AND(K11=H11,J11=G11),"Unchanged",IF(AND(K11<H11,J11=G11),"Trimmed top",IF(AND(K11<H11,J11<G11),"Cut","Mixed")))))) -> Unchanged | M11: 7 | N11: =IF(M11>C11,"Beat",IF(M11<B11,"Missed",IF(AND(B11<=M11,M11<=C11),"In range"))) -> In range | O11: =SUM(IF(F11="Raised",1,0)+IF(I11="Raised",1,0)+IF(L11="Raised",1,0)) -> 0 | P11: =SUM(IF(F11="Floor up",1,0)+IF(I11="Floor up",1,0)+IF(L11="Floor up",1,0)) -> 0 | Q11: =SUM(IF(F11="Narrowed",1,0)+IF(I11="Narrowed",1,0)+IF(L11="Narrowed",1,0)) -> 0 | R11: =SUM(IF(F11="Unchanged",1,0)+IF(I11="Unchanged",1,0)+IF(L11="Unchanged",1,0)) -> 3 | S11: =SUM(IF(F11="Trimmed top",1,0)+IF(I11="Trimmed top",1,0)+IF(L11="Trimmed top",1,0)) -> 0 | T11: =SUM(IF(F11="Cut",1,0)+IF(I11="Cut",1,0)+IF(L11="Cut",1,0)) -> 0 | U11: =SUM(IF(F11="Mixed",1,0)+IF(I11="Mixed",1,0)+IF(L11="Mixed",1,0)) -> 0 | V11: =IF(N11="Beat",1,0) -> 0 | W11: =IF(N11="Missed",1,0) -> 0 | X11: =IF(N11="In range",1,0) -> 1
A12: Adjusted EBIT margin expansion, BPS | B12: 60 | C12: 80 | D12: 60 | E12: 80 | F12: =IF(AND(E12>C12,D12>B12),"Raised",IF(AND(E12=C12,D12>B12),"Floor up",IF(AND(E12<C12,D12>B12),"Narrowed",IF(AND(E12=C12,D12=B12),"Unchanged",IF(AND(E12<C12,D12=B12),"Trimmed top",IF(AND(E12<C12,D12<B12),"Cut","Mixed")))))) -> Unchanged | G12: 60 | H12: 70 | I12: =IF(AND(H12>E12,G12>D12),"Raised",IF(AND(H12=E12,G12>D12),"Floor up",IF(AND(H12<E12,G12>D12),"Narrowed",IF(AND(H12=E12,G12=D12),"Unchanged",IF(AND(H12<E12,G12=D12),"Trimmed top",IF(AND(H12<E12,G12<D12),"Cut","Mixed")))))) -> Trimmed top | J12: 60 | K12: 70 | L12: =IF(AND(K12>H12,J12>G12),"Raised",IF(AND(K12=H12,J12>G12),"Floor up",IF(AND(K12<H12,J12>G12),"Narrowed",IF(AND(K12=H12,J12=G12),"Unchanged",IF(AND(K12<H12,J12=G12),"Trimmed top",IF(AND(K12<H12,J12<G12),"Cut","Mixed")))))) -> Unchanged | M12: 70 | N12: =IF(M12>C12,"Beat",IF(M12<B12,"Missed",IF(AND(B12<=M12,M12<=C12),"In range"))) -> In range | O12: =SUM(IF(F12="Raised",1,0)+IF(I12="Raised",1,0)+IF(L12="Raised",1,0)) -> 0 | P12: =SUM(IF(F12="Floor up",1,0)+IF(I12="Floor up",1,0)+IF(L12="Floor up",1,0)) -> 0 | Q12: =SUM(IF(F12="Narrowed",1,0)+IF(I12="Narrowed",1,0)+IF(L12="Narrowed",1,0)) -> 0 | R12: =SUM(IF(F12="Unchanged",1,0)+IF(I12="Unchanged",1,0)+IF(L12="Unchanged",1,0)) -> 2 | S12: =SUM(IF(F12="Trimmed top",1,0)+IF(I12="Trimmed top",1,0)+IF(L12="Trimmed top",1,0)) -> 1 | T12: =SUM(IF(F12="Cut",1,0)+IF(I12="Cut",1,0)+IF(L12="Cut",1,0)) -> 0 | U12: =SUM(IF(F12="Mixed",1,0)+IF(I12="Mixed",1,0)+IF(L12="Mixed",1,0)) -> 0 | V12: =IF(N12="Beat",1,0) -> 0 | W12: =IF(N12="Missed",1,0) -> 0 | X12: =IF(N12="In range",1,0) -> 1
A13: Adjusted diluted EPS growth, % | B13: 10 | C13: 12 | D13: 10 | E13: 12 | F13: =IF(AND(E13>C13,D13>B13),"Raised",IF(AND(E13=C13,D13>B13),"Floor up",IF(AND(E13<C13,D13>B13),"Narrowed",IF(AND(E13=C13,D13=B13),"Unchanged",IF(AND(E13<C13,D13=B13),"Trimmed top",IF(AND(E13<C13,D13<B13),"Cut","Mixed")))))) -> Unchanged | G13: 10 | H13: 12 | I13: =IF(AND(H13>E13,G13>D13),"Raised",IF(AND(H13=E13,G13>D13),"Floor up",IF(AND(H13<E13,G13>D13),"Narrowed",IF(AND(H13=E13,G13=D13),"Unchanged",IF(AND(H13<E13,G13=D13),"Trimmed top",IF(AND(H13<E13,G13<D13),"Cut","Mixed")))))) -> Unchanged | J13: 10 | K13: 12 | L13: =IF(AND(K13>H13,J13>G13),"Raised",IF(AND(K13=H13,J13>G13),"Floor up",IF(AND(K13<H13,J13>G13),"Narrowed",IF(AND(K13=H13,J13=G13),"Unchanged",IF(AND(K13<H13,J13=G13),"Trimmed top",IF(AND(K13<H13,J13<G13),"Cut","Mixed")))))) -> Unchanged | M13: 12 | N13: =IF(M13>C13,"Beat",IF(M13<B13,"Missed",IF(AND(B13<=M13,M13<=C13),"In range"))) -> In range | O13: =SUM(IF(F13="Raised",1,0)+IF(I13="Raised",1,0)+IF(L13="Raised",1,0)) -> 0 | P13: =SUM(IF(F13="Floor up",1,0)+IF(I13="Floor up",1,0)+IF(L13="Floor up",1,0)) -> 0 | Q13: =SUM(IF(F13="Narrowed",1,0)+IF(I13="Narrowed",1,0)+IF(L13="Narrowed",1,0)) -> 0 | R13: =SUM(IF(F13="Unchanged",1,0)+IF(I13="Unchanged",1,0)+IF(L13="Unchanged",1,0)) -> 3 | S13: =SUM(IF(F13="Trimmed top",1,0)+IF(I13="Trimmed top",1,0)+IF(L13="Trimmed top",1,0)) -> 0 | T13: =SUM(IF(F13="Cut",1,0)+IF(I13="Cut",1,0)+IF(L13="Cut",1,0)) -> 0 | U13: =SUM(IF(F13="Mixed",1,0)+IF(I13="Mixed",1,0)+IF(L13="Mixed",1,0)) -> 0 | V13: =IF(N13="Beat",1,0) -> 0 | W13: =IF(N13="Missed",1,0) -> 0 | X13: =IF(N13="In range",1,0) -> 1
A14: Page | B14: p. 1 | D14: p. 3 | G14: p. 3 | J14: p. 3 | M14: p.1
A15: Source | B15: https://s205.q4cdn.com/887941133/files/doc_financials/2023/q4/ADP-4Q23-Earnings-Release.pdf | D15: https://s205.q4cdn.com/887941133/files/doc_financials/2024/q1/ADP-1Q24-Earnings-Release.pdf | G15: https://s205.q4cdn.com/887941133/files/doc_financials/2024/q2/ADP-2Q24-Earnings-Release.pdf | J15: https://s205.q4cdn.com/887941133/files/doc_financials/2024/q3/ADP-3Q24-Earnings-Release.pdf | M15: https://s205.q4cdn.com/887941133/files/doc_financials/2024/q4/ADP-4Q24-Earnings-Release.pdf
A17: FY2025: CEO Black, CFO McGuire
A18: Metric | B18: Initial low | C18: Initial high | D18: Q1 low | E18: Q1 high | F18: Q1 move | G18: Q2 low | H18: Q2 high | I18: Q2 move | J18: Q3 low | K18: Q3 high | L18: Q3 move | M18: Full year actual | N18: Actual vs. initial | O18: Raised | P18: Floor up | Q18: Narrowed | R18: Unchanged | S18: Trimmed top | T18: Cut | U18: Mixed | V18: Beat | W18: Missed | X18: In range
A19: Revenue growth, % | B19: 5 | C19: 6 | D19: 6 | E19: 7 | F19: =IF(AND(E19>C19,D19>B19),"Raised",IF(AND(E19=C19,D19>B19),"Floor up",IF(AND(E19<C19,D19>B19),"Narrowed",IF(AND(E19=C19,D19=B19),"Unchanged",IF(AND(E19<C19,D19=B19),"Trimmed top",IF(AND(E19<C19,D19<B19),"Cut","Mixed")))))) -> Raised | G19: 6 | H19: 7 | I19: =IF(AND(H19>E19,G19>D19),"Raised",IF(AND(H19=E19,G19>D19),"Floor up",IF(AND(H19<E19,G19>D19),"Narrowed",IF(AND(H19=E19,G19=D19),"Unchanged",IF(AND(H19<E19,G19=D19),"Trimmed top",IF(AND(H19<E19,G19<D19),"Cut","Mixed")))))) -> Unchanged | J19: 6 | K19: 7 | L19: =IF(AND(K19>H19,J19>G19),"Raised",IF(AND(K19=H19,J19>G19),"Floor up",IF(AND(K19<H19,J19>G19),"Narrowed",IF(AND(K19=H19,J19=G19),"Unchanged",IF(AND(K19<H19,J19=G19),"Trimmed top",IF(AND(K19<H19,J19<G19),"Cut","Mixed")))))) -> Unchanged | M19: 7 | N19: =IF(M19>C19,"Beat",IF(M19<B19,"Missed",IF(AND(B19<=M19,M19<=C19),"In range"))) -> Beat | O19: =SUM(IF(F19="Raised",1,0)+IF(I19="Raised",1,0)+IF(L19="Raised",1,0)) -> 1 | P19: =SUM(IF(F19="Floor up",1,0)+IF(I19="Floor up",1,0)+IF(L19="Floor up",1,0)) -> 0 | Q19: =SUM(IF(F19="Narrowed",1,0)+IF(I19="Narrowed",1,0)+IF(L19="Narrowed",1,0)) -> 0 | R19: =SUM(IF(F19="Unchanged",1,0)+IF(I19="Unchanged",1,0)+IF(L19="Unchanged",1,0)) -> 2 | S19: =SUM(IF(F19="Trimmed top",1,0)+IF(I19="Trimmed top",1,0)+IF(L19="Trimmed top",1,0)) -> 0 | T19: =SUM(IF(F19="Cut",1,0)+IF(I19="Cut",1,0)+IF(L19="Cut",1,0)) -> 0 | U19: =SUM(IF(F19="Mixed",1,0)+IF(I19="Mixed",1,0)+IF(L19="Mixed",1,0)) -> 0 | V19: =IF(N19="Beat",1,0) -> 1 | W19: =IF(N19="Missed",1,0) -> 0 | X19: =IF(N19="In range",1,0) -> 0
A20: Adjusted EBIT margin expansion, BPS | B20: 60 | C20: 80 | D20: 30 | E20: 50 | F20: =IF(AND(E20>C20,D20>B20),"Raised",IF(AND(E20=C20,D20>B20),"Floor up",IF(AND(E20<C20,D20>B20),"Narrowed",IF(AND(E20=C20,D20=B20),"Unchanged",IF(AND(E20<C20,D20=B20),"Trimmed top",IF(AND(E20<C20,D20<B20),"Cut","Mixed")))))) -> Cut | G20: 30 | H20: 50 | I20: =IF(AND(H20>E20,G20>D20),"Raised",IF(AND(H20=E20,G20>D20),"Floor up",IF(AND(H20<E20,G20>D20),"Narrowed",IF(AND(H20=E20,G20=D20),"Unchanged",IF(AND(H20<E20,G20=D20),"Trimmed top",IF(AND(H20<E20,G20<D20),"Cut","Mixed")))))) -> Unchanged | J20: 40 | K20: 50 | L20: =IF(AND(K20>H20,J20>G20),"Raised",IF(AND(K20=H20,J20>G20),"Floor up",IF(AND(K20<H20,J20>G20),"Narrowed",IF(AND(K20=H20,J20=G20),"Unchanged",IF(AND(K20<H20,J20=G20),"Trimmed top",IF(AND(K20<H20,J20<G20),"Cut","Mixed")))))) -> Floor up | M20: 50 | N20: =IF(M20>C20,"Beat",IF(M20<B20,"Missed",IF(AND(B20<=M20,M20<=C20),"In range"))) -> Missed | O20: =SUM(IF(F20="Raised",1,0)+IF(I20="Raised",1,0)+IF(L20="Raised",1,0)) -> 0 | P20: =SUM(IF(F20="Floor up",1,0)+IF(I20="Floor up",1,0)+IF(L20="Floor up",1,0)) -> 1 | Q20: =SUM(IF(F20="Narrowed",1,0)+IF(I20="Narrowed",1,0)+IF(L20="Narrowed",1,0)) -> 0 | R20: =SUM(IF(F20="Unchanged",1,0)+IF(I20="Unchanged",1,0)+IF(L20="Unchanged",1,0)) -> 1 | S20: =SUM(IF(F20="Trimmed top",1,0)+IF(I20="Trimmed top",1,0)+IF(L20="Trimmed top",1,0)) -> 0 | T20: =SUM(IF(F20="Cut",1,0)+IF(I20="Cut",1,0)+IF(L20="Cut",1,0)) -> 1 | U20: =SUM(IF(F20="Mixed",1,0)+IF(I20="Mixed",1,0)+IF(L20="Mixed",1,0)) -> 0 | V20: =IF(N20="Beat",1,0) -> 0 | W20: =IF(N20="Missed",1,0) -> 1 | X20: =IF(N20="In range",1,0) -> 0
A21: Adjusted diluted EPS growth, % | B21: 8 | C21: 10 | D21: 7 | E21: 9 | F21: =IF(AND(E21>C21,D21>B21),"Raised",IF(AND(E21=C21,D21>B21),"Floor up",IF(AND(E21<C21,D21>B21),"Narrowed",IF(AND(E21=C21,D21=B21),"Unchanged",IF(AND(E21<C21,D21=B21),"Trimmed top",IF(AND(E21<C21,D21<B21),"Cut","Mixed")))))) -> Cut | G21: 7 | H21: 9 | I21: =IF(AND(H21>E21,G21>D21),"Raised",IF(AND(H21=E21,G21>D21),"Floor up",IF(AND(H21<E21,G21>D21),"Narrowed",IF(AND(H21=E21,G21=D21),"Unchanged",IF(AND(H21<E21,G21=D21),"Trimmed top",IF(AND(H21<E21,G21<D21),"Cut","Mixed")))))) -> Unchanged | J21: 8 | K21: 9 | L21: =IF(AND(K21>H21,J21>G21),"Raised",IF(AND(K21=H21,J21>G21),"Floor up",IF(AND(K21<H21,J21>G21),"Narrowed",IF(AND(K21=H21,J21=G21),"Unchanged",IF(AND(K21<H21,J21=G21),"Trimmed top",IF(AND(K21<H21,J21<G21),"Cut","Mixed")))))) -> Floor up | M21: 9 | N21: =IF(M21>C21,"Beat",IF(M21<B21,"Missed",IF(AND(B21<=M21,M21<=C21),"In range"))) -> In range | O21: =SUM(IF(F21="Raised",1,0)+IF(I21="Raised",1,0)+IF(L21="Raised",1,0)) -> 0 | P21: =SUM(IF(F21="Floor up",1,0)+IF(I21="Floor up",1,0)+IF(L21="Floor up",1,0)) -> 1 | Q21: =SUM(IF(F21="Narrowed",1,0)+IF(I21="Narrowed",1,0)+IF(L21="Narrowed",1,0)) -> 0 | R21: =SUM(IF(F21="Unchanged",1,0)+IF(I21="Unchanged",1,0)+IF(L21="Unchanged",1,0)) -> 1 | S21: =SUM(IF(F21="Trimmed top",1,0)+IF(I21="Trimmed top",1,0)+IF(L21="Trimmed top",1,0)) -> 0 | T21: =SUM(IF(F21="Cut",1,0)+IF(I21="Cut",1,0)+IF(L21="Cut",1,0)) -> 1 | U21: =SUM(IF(F21="Mixed",1,0)+IF(I21="Mixed",1,0)+IF(L21="Mixed",1,0)) -> 0 | V21: =IF(N21="Beat",1,0) -> 0 | W21: =IF(N21="Missed",1,0) -> 0 | X21: =IF(N21="In range",1,0) -> 1
A22: Page | B22: p. 1 | D22: p. 3 | G22: p. 3 | J22: p. 3 | M22: p. 1
A23: Source | B23: https://s205.q4cdn.com/887941133/files/doc_financials/2024/q4/ADP-4Q24-Earnings-Release.pdf | D23: https://s205.q4cdn.com/887941133/files/doc_financials/2025/q1/ADP-1Q25-Earnings-Release.pdf | G23: https://s205.q4cdn.com/887941133/files/doc_financials/2025/q2/ADP-2Q25-Earnings-Release.pdf | J23: https://s205.q4cdn.com/887941133/files/doc_financials/2025/q3/ADP-3Q25-Earnings-Release.pdf | M23: https://s205.q4cdn.com/887941133/files/doc_financials/2025/q4/ADP-4Q25-Earnings-Release.pdf
A25: FY2026: CEO Black, CFO Hadley
A26: Metric | B26: Initial low | C26: Initial high | D26: Q1 low | E26: Q1 high | F26: Q1 move | G26: Q2 low | H26: Q2 high | I26: Q2 move | J26: Q3 low | K26: Q3 high | L26: Q3 move | M26: Full year actual | N26: Actual vs. initial | O26: Raised | P26: Floor up | Q26: Narrowed | R26: Unchanged | S26: Trimmed top | T26: Cut | U26: Mixed | V26: Beat | W26: Missed | X26: In range
A27: Revenue growth, % | B27: 5 | C27: 6 | D27: 5 | E27: 6 | F27: =IF(AND(E27>C27,D27>B27),"Raised",IF(AND(E27=C27,D27>B27),"Floor up",IF(AND(E27<C27,D27>B27),"Narrowed",IF(AND(E27=C27,D27=B27),"Unchanged",IF(AND(E27<C27,D27=B27),"Trimmed top",IF(AND(E27<C27,D27<B27),"Cut","Mixed")))))) -> Unchanged | G27: 6 | H27: 6 | I27: =IF(AND(H27>E27,G27>D27),"Raised",IF(AND(H27=E27,G27>D27),"Floor up",IF(AND(H27<E27,G27>D27),"Narrowed",IF(AND(H27=E27,G27=D27),"Unchanged",IF(AND(H27<E27,G27=D27),"Trimmed top",IF(AND(H27<E27,G27<D27),"Cut","Mixed")))))) -> Floor up | J27: 6 | K27: 7 | L27: =IF(AND(K27>H27,J27>G27),"Raised",IF(AND(K27=H27,J27>G27),"Floor up",IF(AND(K27<H27,J27>G27),"Narrowed",IF(AND(K27=H27,J27=G27),"Unchanged",IF(AND(K27<H27,J27=G27),"Trimmed top",IF(AND(K27<H27,J27<G27),"Cut","Mixed")))))) -> Mixed | M27: 6 | N27: =IF(M27>C27,"Beat",IF(M27<B27,"Missed",IF(AND(B27<=M27,M27<=C27),"In range"))) -> In range | O27: =SUM(IF(F27="Raised",1,0)+IF(I27="Raised",1,0)+IF(L27="Raised",1,0)) -> 0 | P27: =SUM(IF(F27="Floor up",1,0)+IF(I27="Floor up",1,0)+IF(L27="Floor up",1,0)) -> 1 | Q27: =SUM(IF(F27="Narrowed",1,0)+IF(I27="Narrowed",1,0)+IF(L27="Narrowed",1,0)) -> 0 | R27: =SUM(IF(F27="Unchanged",1,0)+IF(I27="Unchanged",1,0)+IF(L27="Unchanged",1,0)) -> 1 | S27: =SUM(IF(F27="Trimmed top",1,0)+IF(I27="Trimmed top",1,0)+IF(L27="Trimmed top",1,0)) -> 0 | T27: =SUM(IF(F27="Cut",1,0)+IF(I27="Cut",1,0)+IF(L27="Cut",1,0)) -> 0 | U27: =SUM(IF(F27="Mixed",1,0)+IF(I27="Mixed",1,0)+IF(L27="Mixed",1,0)) -> 1 | V27: =IF(N27="Beat",1,0) -> 0 | W27: =IF(N27="Missed",1,0) -> 0 | X27: =IF(N27="In range",1,0) -> 1
A28: Adjusted EBIT margin expansion, BPS | B28: 50 | C28: 70 | D28: 50 | E28: 70 | F28: =IF(AND(E28>C28,D28>B28),"Raised",IF(AND(E28=C28,D28>B28),"Floor up",IF(AND(E28<C28,D28>B28),"Narrowed",IF(AND(E28=C28,D28=B28),"Unchanged",IF(AND(E28<C28,D28=B28),"Trimmed top",IF(AND(E28<C28,D28<B28),"Cut","Mixed")))))) -> Unchanged | G28: 50 | H28: 70 | I28: =IF(AND(H28>E28,G28>D28),"Raised",IF(AND(H28=E28,G28>D28),"Floor up",IF(AND(H28<E28,G28>D28),"Narrowed",IF(AND(H28=E28,G28=D28),"Unchanged",IF(AND(H28<E28,G28=D28),"Trimmed top",IF(AND(H28<E28,G28<D28),"Cut","Mixed")))))) -> Unchanged | J28: 70 | K28: 80 | L28: =IF(AND(K28>H28,J28>G28),"Raised",IF(AND(K28=H28,J28>G28),"Floor up",IF(AND(K28<H28,J28>G28),"Narrowed",IF(AND(K28=H28,J28=G28),"Unchanged",IF(AND(K28<H28,J28=G28),"Trimmed top",IF(AND(K28<H28,J28<G28),"Cut","Mixed")))))) -> Raised | M28: 80 | N28: =IF(M28>C28,"Beat",IF(M28<B28,"Missed",IF(AND(B28<=M28,M28<=C28),"In range"))) -> Beat | O28: =SUM(IF(F28="Raised",1,0)+IF(I28="Raised",1,0)+IF(L28="Raised",1,0)) -> 1 | P28: =SUM(IF(F28="Floor up",1,0)+IF(I28="Floor up",1,0)+IF(L28="Floor up",1,0)) -> 0 | Q28: =SUM(IF(F28="Narrowed",1,0)+IF(I28="Narrowed",1,0)+IF(L28="Narrowed",1,0)) -> 0 | R28: =SUM(IF(F28="Unchanged",1,0)+IF(I28="Unchanged",1,0)+IF(L28="Unchanged",1,0)) -> 2 | S28: =SUM(IF(F28="Trimmed top",1,0)+IF(I28="Trimmed top",1,0)+IF(L28="Trimmed top",1,0)) -> 0 | T28: =SUM(IF(F28="Cut",1,0)+IF(I28="Cut",1,0)+IF(L28="Cut",1,0)) -> 0 | U28: =SUM(IF(F28="Mixed",1,0)+IF(I28="Mixed",1,0)+IF(L28="Mixed",1,0)) -> 0 | V28: =IF(N28="Beat",1,0) -> 1 | W28: =IF(N28="Missed",1,0) -> 0 | X28: =IF(N28="In range",1,0) -> 0
A29: Adjusted diluted EPS growth, % | B29: 8 | C29: 10 | D29: 8 | E29: 10 | F29: =IF(AND(E29>C29,D29>B29),"Raised",IF(AND(E29=C29,D29>B29),"Floor up",IF(AND(E29<C29,D29>B29),"Narrowed",IF(AND(E29=C29,D29=B29),"Unchanged",IF(AND(E29<C29,D29=B29),"Trimmed top",IF(AND(E29<C29,D29<B29),"Cut","Mixed")))))) -> Unchanged | G29: 9 | H29: 10 | I29: =IF(AND(H29>E29,G29>D29),"Raised",IF(AND(H29=E29,G29>D29),"Floor up",IF(AND(H29<E29,G29>D29),"Narrowed",IF(AND(H29=E29,G29=D29),"Unchanged",IF(AND(H29<E29,G29=D29),"Trimmed top",IF(AND(H29<E29,G29<D29),"Cut","Mixed")))))) -> Floor up | J29: 10 | K29: 11 | L29: =IF(AND(K29>H29,J29>G29),"Raised",IF(AND(K29=H29,J29>G29),"Floor up",IF(AND(K29<H29,J29>G29),"Narrowed",IF(AND(K29=H29,J29=G29),"Unchanged",IF(AND(K29<H29,J29=G29),"Trimmed top",IF(AND(K29<H29,J29<G29),"Cut","Mixed")))))) -> Raised | M29: 11 | N29: =IF(M29>C29,"Beat",IF(M29<B29,"Missed",IF(AND(B29<=M29,M29<=C29),"In range"))) -> Beat | O29: =SUM(IF(F29="Raised",1,0)+IF(I29="Raised",1,0)+IF(L29="Raised",1,0)) -> 1 | P29: =SUM(IF(F29="Floor up",1,0)+IF(I29="Floor up",1,0)+IF(L29="Floor up",1,0)) -> 1 | Q29: =SUM(IF(F29="Narrowed",1,0)+IF(I29="Narrowed",1,0)+IF(L29="Narrowed",1,0)) -> 0 | R29: =SUM(IF(F29="Unchanged",1,0)+IF(I29="Unchanged",1,0)+IF(L29="Unchanged",1,0)) -> 1 | S29: =SUM(IF(F29="Trimmed top",1,0)+IF(I29="Trimmed top",1,0)+IF(L29="Trimmed top",1,0)) -> 0 | T29: =SUM(IF(F29="Cut",1,0)+IF(I29="Cut",1,0)+IF(L29="Cut",1,0)) -> 0 | U29: =SUM(IF(F29="Mixed",1,0)+IF(I29="Mixed",1,0)+IF(L29="Mixed",1,0)) -> 0 | V29: =IF(N29="Beat",1,0) -> 1 | W29: =IF(N29="Missed",1,0) -> 0 | X29: =IF(N29="In range",1,0) -> 0
A30: Page | B30: p. 1 | D30: p. 3 | G30: p. 3 | J30: p. 3
A31: Source | B31: https://s205.q4cdn.com/887941133/files/doc_financials/2025/q4/ADP-4Q25-Earnings-Release.pdf | D31: https://s205.q4cdn.com/887941133/files/doc_financials/2026/q1/ADP-1Q26-Earnings-Release.pdf | G31: https://s205.q4cdn.com/887941133/files/doc_financials/2026/q2/ADP-2Q26-Earnings-Release.pdf | J31: https://s205.q4cdn.com/887941133/files/doc_financials/2026/q3/ADP-3Q26-Earnings-Release.pdf
A33: QoQ Guidance | B33: Raised | C33: Floor up | D33: Narrowed | E33: Unchanged | F33: Trimmed top | G33: Cut | H33: Mixed
A34: Absolute | B34: =SUMIF(O:O,">0",O:O) -> 5 | C34: =SUMIF(P:P,">0",P:P) -> 6 | D34: =SUMIF(Q:Q,">0",Q:Q) -> 0 | E34: =SUMIF(R:R,">0",R:R) -> 21 | F34: =SUMIF(S:S,">0",S:S) -> 1 | G34: =SUMIF(T:T,">0",T:T) -> 2 | H34: =SUMIF(U:U,">0",U:U) -> 1
A35: % | B35: =B34/SUM($B$34:$H$34) -> 0.13888889 | C35: =C34/SUM($B$34:$H$34) -> 0.16666667 | D35: =D34/SUM($B$34:$H$34) -> 0 | E35: =E34/SUM($B$34:$H$34) -> 0.58333333 | F35: =F34/SUM($B$34:$H$34) -> 0.027777778 | G35: =G34/SUM($B$34:$H$34) -> 0.055555556 | H35: =H34/SUM($B$34:$H$34) -> 0.027777778
A37: YoY Guidance | B37: Beat | C37: Missed | D37: In range
A38: Absolute | B38: =SUMIF(V:V,">0") -> 5 | C38: 0 | D38: =SUMIF(X:X,">0") -> 6
A39: % | B39: =B38/SUM($B$38:$D$38) -> 0.45454545 | C39: =C38/SUM($B$38:$D$38) -> 0 | D39: =D38/SUM($B$38:$D$38) -> 0.54545455

Sheet Table G
B1: Value | C1: Source | D1: Note
A2: Unlevered beta, adjusted for cash | B2: 0.81 | C2: https://pages.stern.nyu.edu/~adamodar/New_Home_Page/datafile/Betas.html | D2: Business & Consumer Services
A3: Market capitalization | B3: =90060 -> 90060 | C3: https://www.financecharts.com/stocks/ADP/summary/market-cap#google_vignette
A4: Debt ratio | B4: =(3977.3+318.2)/B3 -> 0.04769598 | C4: https://d18rn0p25nwr6d.cloudfront.net/CIK-0000008670/f67fbd2f-82f7-4947-99e2-60d97247fb15.pdf | D4: Only corporate debt, long-term debt and lease liabilities and short term borrowings, thus excluding client funds, and assuming book value of debt = market value.
A5: Levered beta | B5: =B2*(1+(1-'Table B'!J18)*B4) -> 0.83968194 | D5: Assuming effective tax rate as of FY2025.
A7: Risk-free rate | B7: 0.0529 | C7: https://ycharts.com/indicators/10_year_treasury_rate
A8: Equity risk premium | B8: 0.0446 | C8: https://pages.stern.nyu.edu/~adamodar/New_Home_Page/datafile/ctryprem.html
A9: Cost of equity | B9: =B7+B5*B8 -> 0.090349815
A11: Cost of debt | B11: 0.037 | C11: https://d18rn0p25nwr6d.cloudfront.net/CIK-0000008670/f67fbd2f-82f7-4947-99e2-60d97247fb15.pdf
A12: WACC | B12: =(1-B4)*B9+B4*B11*(1-'Table B'!J18) -> 0.087396334 | D12: Assuming effective tax rate FY2025

Sheet Table H
A1: ASSUMPTIONS | B1: Bear | C1: Base | D1: Best | E1: Source
A2: FCF-revenue conversion, excluding interest | B2: =MIN('Table B'!C58:K58) -> 0.12472414 | C2: =MEDIAN('Table B'!I58:K58) -> 0.18844634 | D2: =MAX('Table B'!C58:K58) -> 0.18890862
A3: FCF-interest conversion | B3: =MIN('Table B'!C59:K59) -> 0.61660079 | C3: =MEDIAN('Table B'!C59:K59) -> 0.76882007 | D3: =MAX('Table B'!C59:K59) -> 0.85866477
A4: Average client fund balance | B4: ='Table B'!K68 -> 40410.7 | C4: ='Table B'!K68 -> 40410.7 | D4: ='Table B'!K68 -> 40410.7
A5: Average yield on client funds | B5: =MIN('Table B'!C69:K69) -> 0.014 | C5: =MEDIAN('Table B'!C69:K69) -> 0.022 | D5: ='Table B'!K69 -> 0.034
A6: First 5 year revenue nominal CAGR | B6: =-0.1+0.024 -> -0.076 | C6: 0.05 | D6: 0.07 | E6: https://mjbaldbard.wordpress.com/wp-content/uploads/2020/09/michael-mauboussin-e28093-base-rate-books-2015-2016.pdf
A7: Year 6-10 revenue nominal CAGR | B7: 0 | C7: ='Table G'!B19+0.024 -> 0.024 | D7: ='Table G'!B19+0.024 -> 0.024
A8: Perpetual growth rate, CAGR, nominal | B8: 0 | C8: ='Table G'!B26 -> 0 | D8: ='Table G'!B27 -> 0 | E8: https://www.cbo.gov/publication/62105
A9: Net debt | B9: =MAX('Table B'!C65:K65) -> 2043.4 | C9: =MEDIAN('Table B'!C65:K65) -> 766.1 | D9: =MIN('Table B'!C65:K65) -> 407.9
A10: Diluted outstanding shares at year 11 | B10: 402.5 | C10: =402.5*(1-0.01)^10 -> 364.01379 | D10: =402.5*(1-0.01)^10 -> 364.01379 | E10: https://d18rn0p25nwr6d.cloudfront.net/CIK-0000008670/f67fbd2f-82f7-4947-99e2-60d97247fb15.pdf
A12: REVENUE, EXCLUDING INTEREST
A13: 1 | B13: =('Table B'!$K$3-'Table B'!$K$7)*(1+$B$6)^A13 -> 19027.562 | C13: =('Table B'!$K$3-'Table B'!$K$7)*(1+$C$6)^A13 -> 21622.23 | D13: =('Table B'!$K$3-'Table B'!$K$7)*(1+$D$6)^A13 -> 22034.082
A14: 2 | B14: =('Table B'!$K$3-'Table B'!$K$7)*(1+$B$6)^A14 -> 17581.468 | C14: =('Table B'!$K$3-'Table B'!$K$7)*(1+$C$6)^A14 -> 22703.342 | D14: =('Table B'!$K$3-'Table B'!$K$7)*(1+$D$6)^A14 -> 23576.468
A15: 3 | B15: =('Table B'!$K$3-'Table B'!$K$7)*(1+$B$6)^A15 -> 16245.276 | C15: =('Table B'!$K$3-'Table B'!$K$7)*(1+$C$6)^A15 -> 23838.509 | D15: =('Table B'!$K$3-'Table B'!$K$7)*(1+$D$6)^A15 -> 25226.82
A16: 4 | B16: =('Table B'!$K$3-'Table B'!$K$7)*(1+$B$6)^A16 -> 15010.635 | C16: =('Table B'!$K$3-'Table B'!$K$7)*(1+$C$6)^A16 -> 25030.434 | D16: =('Table B'!$K$3-'Table B'!$K$7)*(1+$D$6)^A16 -> 26992.698
A17: 5 | B17: =('Table B'!$K$3-'Table B'!$K$7)*(1+$B$6)^A17 -> 13869.827 | C17: =('Table B'!$K$3-'Table B'!$K$7)*(1+$C$6)^A17 -> 26281.956 | D17: =('Table B'!$K$3-'Table B'!$K$7)*(1+$D$6)^A17 -> 28882.187
A18: 6 | B18: =$B$17*(1+$B$7)^A13 -> 13869.827 | C18: =$C$17*(1+$C$7)^A13 -> 26912.723 | D18: =$D$17*(1+$D$7)^A13 -> 29575.359
A19: 7 | B19: =$B$17*(1+$B$7)^A14 -> 13869.827 | C19: =$C$17*(1+$C$7)^A14 -> 27558.628 | D19: =$D$17*(1+$D$7)^A14 -> 30285.168
A20: 8 | B20: =$B$17*(1+$B$7)^A15 -> 13869.827 | C20: =$C$17*(1+$C$7)^A15 -> 28220.035 | D20: =$D$17*(1+$D$7)^A15 -> 31012.012
A21: 9 | B21: =$B$17*(1+$B$7)^A16 -> 13869.827 | C21: =$C$17*(1+$C$7)^A16 -> 28897.316 | D21: =$D$17*(1+$D$7)^A16 -> 31756.3
A22: 10 | B22: =$B$17*(1+$B$7)^A17 -> 13869.827 | C22: =$C$17*(1+$C$7)^A17 -> 29590.851 | D22: =$D$17*(1+$D$7)^A17 -> 32518.451
A23: 11 | B23: =B22*(1+B8) -> 13869.827 | C23: =C22*(1+C8) -> 29590.851 | D23: =D22*(1+D8) -> 32518.451
A25: REVENUE, INTEREST
A26: 1 | B26: =($B$4*(1+$B$6)^A26)*$B$5 -> 522.75282 | C26: =($C$4*(1+$C$6)^A26)*$C$5 -> 933.48717 | D26: =($D$4*(1+$D$6)^A26)*$D$5 -> 1470.1413
A27: 2 | B27: =($B$4*(1+$B$6)^A27)*$B$5 -> 483.0236 | C27: =($C$4*(1+$C$6)^A27)*$C$5 -> 980.16153 | D27: =($D$4*(1+$D$6)^A27)*$D$5 -> 1573.0512
A28: 3 | B28: =($B$4*(1+$B$6)^A28)*$B$5 -> 446.31381 | C28: =($C$4*(1+$C$6)^A28)*$C$5 -> 1029.1696 | D28: =($D$4*(1+$D$6)^A28)*$D$5 -> 1683.1647
A29: 4 | B29: =($B$4*(1+$B$6)^A29)*$B$5 -> 412.39396 | C29: =($C$4*(1+$C$6)^A29)*$C$5 -> 1080.6281 | D29: =($D$4*(1+$D$6)^A29)*$D$5 -> 1800.9863
A30: 5 | B30: =($B$4*(1+$B$6)^A30)*$B$5 -> 381.05202 | C30: =($C$4*(1+$C$6)^A30)*$C$5 -> 1134.6595 | D30: =($D$4*(1+$D$6)^A30)*$D$5 -> 1927.0553
A31: 6 | B31: =((($B$4*(1+$B$6)^$A$30))*(1+$B$7)^A26)*$B$5 -> 381.05202 | C31: =((($C$4*(1+$C$6)^$A$30))*(1+$C$7)^A26)*$C$5 -> 1161.8913 | D31: =D30*(1+D8) -> 1927.0553
A32: 7 | B32: =((($B$4*(1+$B$6)^$A$30))*(1+$B$7)^A27)*$B$5 -> 381.05202 | C32: =((($C$4*(1+$C$6)^$A$30))*(1+$C$7)^A27)*$C$5 -> 1189.7767 | D32: =((($D$4*(1+$D$6)^$A$30))*(1+$D$7)^A27)*$D$5 -> 2020.6639
A33: 8 | B33: =((($B$4*(1+$B$6)^$A$30))*(1+$B$7)^A28)*$B$5 -> 381.05202 | C33: =((($C$4*(1+$C$6)^$A$30))*(1+$C$7)^A28)*$C$5 -> 1218.3313 | D33: =((($D$4*(1+$D$6)^$A$30))*(1+$D$7)^A28)*$D$5 -> 2069.1599
A34: 9 | B34: =((($B$4*(1+$B$6)^$A$30))*(1+$B$7)^A29)*$B$5 -> 381.05202 | C34: =((($C$4*(1+$C$6)^$A$30))*(1+$C$7)^A29)*$C$5 -> 1247.5713 | D34: =((($D$4*(1+$D$6)^$A$30))*(1+$D$7)^A29)*$D$5 -> 2118.8197
A35: 10 | B35: =((($B$4*(1+$B$6)^$A$30))*(1+$B$7)^A30)*$B$5 -> 381.05202 | C35: =((($C$4*(1+$C$6)^$A$30))*(1+$C$7)^A30)*$C$5 -> 1277.513 | D35: =((($D$4*(1+$D$6)^$A$30))*(1+$D$7)^A30)*$D$5 -> 2169.6714
A36: 11 | B36: =B35*(1+B8) -> 381.05202 | C36: =C35*(1+C8) -> 1277.513 | D36: =D35*(1+D8) -> 2169.6714
A38: FREE CASH FLOW
A39: 1 | B39: =B13*$B$2+B26*$B$3 -> 2695.5261 | C39: =C13*$C$2+C26*$C$3 -> 4792.3137 | D39: =D13*$D$2+D26*$D$3 -> 5424.7865
A40: 2 | B40: =B14*$B$2+B27*$B$3 -> 2490.6661 | C40: =C14*$C$2+C27*$C$3 -> 5031.9294 | D40: =D14*$D$2+D27*$D$3 -> 5804.5216
A41: 3 | B41: =B15*$B$2+B28*$B$3 -> 2301.3755 | C41: =C15*$C$2+C28*$C$3 -> 5283.5258 | D41: =D15*$D$2+D28*$D$3 -> 6210.8381
A42: 4 | B42: =B16*$B$2+B29*$B$3 -> 2126.4709 | C42: =C16*$C$2+C29*$C$3 -> 5547.7021 | D42: =D16*$D$2+D29*$D$3 -> 6645.5968
A43: 5 | B43: =B17*$B$2+B30*$B$3 -> 1964.8591 | C43: =C17*$C$2+C30*$C$3 -> 5825.0872 | D43: =D17*$D$2+D30*$D$3 -> 7110.7885
A44: 6 | B44: =B18*$B$2+B31*$B$3 -> 1964.8591 | C44: =C18*$C$2+C31*$C$3 -> 5964.8893 | D44: =D18*$D$2+D31*$D$3 -> 7241.7348
A45: 7 | B45: =B19*$B$2+B32*$B$3 -> 1964.8591 | C45: =C19*$C$2+C32*$C$3 -> 6108.0467 | D45: =D19*$D$2+D32*$D$3 -> 7456.2022
A46: 8 | B46: =B20*$B$2+B33*$B$3 -> 1964.8591 | C46: =C20*$C$2+C33*$C$3 -> 6254.6398 | D46: =D20*$D$2+D33*$D$3 -> 7635.1511
A47: 9 | B47: =B21*$B$2+B34*$B$3 -> 1964.8591 | C47: =C21*$C$2+C34*$C$3 -> 6404.7511 | D47: =D21*$D$2+D34*$D$3 -> 7818.3947
A48: 10 | B48: =B22*$B$2+B35*$B$3 -> 1964.8591 | C48: =C22*$C$2+C35*$C$3 -> 6558.4652 | D48: =D22*$D$2+D35*$D$3 -> 8006.0362
A49: 11 | B49: =B23*$B$2+B36*$B$3 -> 1964.8591 | C49: =C23*$C$2+C36*$C$3 -> 6558.4652 | D49: =D23*$D$2+D36*$D$3 -> 8006.0362
A51: DISCOUNTED FREE CASH FLOW
A52: 1 | B52: =B39/((1+'Table G'!$B$12)^A52) -> 2478.881 | C52: =C39/((1+'Table G'!$B$12)^A52) -> 4407.1453 | D52: =D39/((1+'Table G'!$B$12)^A52) -> 4988.785
A53: 2 | B53: =B40/((1+'Table G'!$B$12)^A53) -> 2106.3948 | C53: =C40/((1+'Table G'!$B$12)^A53) -> 4255.5805 | D53: =D40/((1+'Table G'!$B$12)^A53) -> 4908.9737
A54: 3 | B54: =B41/((1+'Table G'!$B$12)^A54) -> 1789.8799 | C54: =C41/((1+'Table G'!$B$12)^A54) -> 4109.228 | D54: =D41/((1+'Table G'!$B$12)^A54) -> 4830.4392
A55: 4 | B55: =B42/((1+'Table G'!$B$12)^A55) -> 1520.9257 | C55: =C42/((1+'Table G'!$B$12)^A55) -> 3967.9088 | D55: =D42/((1+'Table G'!$B$12)^A55) -> 4753.161
A56: 5 | B56: =B43/((1+'Table G'!$B$12)^A56) -> 1292.3856 | C56: =C43/((1+'Table G'!$B$12)^A56) -> 3831.4495 | D56: =D43/((1+'Table G'!$B$12)^A56) -> 4677.1192
A57: 6 | B57: =B44/((1+'Table G'!$B$12)^A57) -> 1188.5138 | C57: =C44/((1+'Table G'!$B$12)^A57) -> 3608.0721 | D57: =D44/((1+'Table G'!$B$12)^A57) -> 4380.4167
A58: 7 | B58: =B45/((1+'Table G'!$B$12)^A58) -> 1092.9905 | C58: =C45/((1+'Table G'!$B$12)^A58) -> 3397.7177 | D58: =D45/((1+'Table G'!$B$12)^A58) -> 4147.655
A59: 8 | B59: =B46/((1+'Table G'!$B$12)^A59) -> 1005.1445 | C59: =C46/((1+'Table G'!$B$12)^A59) -> 3199.6273 | D59: =D46/((1+'Table G'!$B$12)^A59) -> 3905.8424
A60: 9 | B60: =B47/((1+'Table G'!$B$12)^A60) -> 924.35893 | C60: =C47/((1+'Table G'!$B$12)^A60) -> 3013.0857 | D60: =D47/((1+'Table G'!$B$12)^A60) -> 3678.1278
A61: 10 | B61: =B48/((1+'Table G'!$B$12)^A61) -> 850.06626 | C61: =C48/((1+'Table G'!$B$12)^A61) -> 2837.4197 | D61: =D48/((1+'Table G'!$B$12)^A61) -> 3463.6891
A62: 11 | B62: =(B49/('Table G'!$B$12-B8))*(1/((1+'Table G'!$B$12)^$A$62)) -> 8944.8219 | C62: =(C49/('Table G'!$B$12-C8))*(1/((1+'Table G'!$B$12)^$A$62)) -> 29856.748 | D62: =(D49/('Table G'!$B$12-D8))*(1/((1+'Table G'!$B$12)^$A$62)) -> 36446.668
A63: Total | B63: =SUM(B52:B62) -> 23194.363 | C63: =SUM(C52:C62) -> 66483.982 | D63: =SUM(D52:D62) -> 80180.877
A65: Intrinsic value per share | B65: =(B63-B9)/B10 -> 52.548976 | C65: =(C63-C9)/C10 -> 180.53679 | D65: =(D63-D9)/D10 -> 219.14823
A66: Assigned probabilities | B66: 0.05 | C66: =1-B66-D66 -> 0.85 | D66: 0.1
A67: Expected value | B67: =B65*B66+C65*C66+D65*D66 -> 177.99855
A69: Value per share with 25% margin of safety | B69: =B67/1.25 -> 142.39884
